[Event "51st Rilton Cup 2023-24"]
[Site "Stockholm"]
[Date "2024.01.03"]
[Round "7.13"]
[White "Jarmula, Lukasz"]
[Black "Ivanov, Mike"]
[Result "1/2-1/2"]
[ECO "C01"]
[WhiteElo "2425"]
[BlackElo "2356"]
[Annotator "RC"]
[PlyCount "135"]
[EventDate "2023.12.27"]
[EventType "swiss"]
[EventCountry "SWE"]
[SourceTitle "playchess.com"]
[Source "ChessBase"]
[SourceQuality "1"]
[TimeControl "40/5400+30:1800+30"]

1. e4 e6 2. d4 d5 3. Nc3 Bb4 4. exd5 exd5 5. Bd3 Nc6 6. a3 Bxc3+ 7. bxc3 Nf6 8. Ne2 O-O 9. O-O Na5 10. f3 Re8 11. Qe1 Nc4 12. g4 Nd7 13. Qf2 Nf8 14. Ng3 Qh4 15. Bxc4 dxc4 16. d5 Qd8 17. Qd4 Qd6 18. Nh5 Qg6 19. Bf4 c5 20. Qxc5 Bf5 21. Qxc4 Bxc2 22. Qd4 Qb6 23. Be3 Qxd4 24. Bxd4 f6 25. Rfe1 Nd7 26. Re6 Rxe6 27. dxe6 Nf8 28. Re1 Re8 29. Nf4 b6 30. c4 Bb3 31. e7 Nd7 32. Nd5 Kf7 33. Rc1 Rc8 34. Rc3 Bxc4 35. Ne3 Ba6 36. Rxc8 Bxc8 37. Nf5 Ba6 38. Nxg7 Kxe7 39. Kf2 Bd3 40. Nh5 Bc2 41. Ke3 Kf7 42. h4 a6 43. Ng3 b5 44. Kd2 Bb3 45. f4 Ke6 46. g5 a5 47. Bc3 b4 48. axb4 axb4 49. Bxb4 Nb6 50. f5+ Kf7 51. Kc3 Ba2 52. Kd4 Nd5 53. Bd6 Nb6 54. Bc7 Nd7 55. Bd8 Ne5 56. Ne4 Nc6+ 57. Ke3 Nxd8 58. Nxf6 h6 59. Ng4 hxg5 60. hxg5 Nc6 61. Kf4 Bb1 62. Nh6+ Kg7 63. f6+ Kg6 64. Ng4 Ba2 65. Ne5+ Nxe5 66. Kxe5 Kxg5 67. f7 Bxf7 68. Ke4 1/2-1/2

[Event "51st Rilton Cup 2023-24"]
[Site "Stockholm"]
[Date "2024.01.03"]
[Round "7.14"]
[White "Kokoszczynski, Jan"]
[Black "Socko, Monika"]
[Result "0-1"]
[ECO "E27"]
[WhiteElo "2250"]
[BlackElo "2396"]
[Annotator "RC"]
[PlyCount "88"]
[EventDate "2023.12.27"]
[EventType "swiss"]
[EventCountry "SWE"]
[SourceTitle "playchess.com"]
[Source "ChessBase"]
[SourceQuality "1"]
[TimeControl "40/5400+30:1800+30"]

1. d4 Nf6 2. c4 e6 3. Nc3 Bb4 4. f3 O-O 5. a3 Bxc3+ 6. bxc3 Ne8 7. e4 b6 8. Bd3 Nc6 9. Ne2 Ba6 10. Ng3 Na5 11. Qe2 c5 12. d5 Qh4 13. O-O g6 14. f4 f5 15. e5 exd5 16. cxd5 c4 17. Bc2 Nc7 18. d6 Ne6 19. Be3 Nb7 20. Qf2 Nbc5 21. Ne2 Qxf2+ 22. Rxf2 Rac8 23. Nd4 Kf7 24. Nxe6 Kxe6 25. Raf1 Bb7 26. Rd2 Nd3 27. h4 Be4 28. g3 h6 29. a4 g5 30. hxg5 hxg5 31. Bxd3 cxd3 32. Bd4 g4 33. Rh2 Rh8 34. Rff2 Rxh2 35. Rxh2 Rh8 36. Be3 Rxh2 37. Kxh2 Bc6 38. Kg1 Kd5 39. Kf2 Kc4 40. Ke1 Kxc3 41. Bd2+ Kd4 42. a5 bxa5 43. Bxa5 Ke3 44. Kd1 Ba4+ 0-1

[Event "51st Rilton Cup 2023-24"]
[Site "Stockholm"]
[Date "2024.01.03"]
[Round "7.15"]
[White "Dhulipalla Bala Chandra Prasad"]
[Black "Utsab Chatterjee"]
[Result "1/2-1/2"]
[ECO "E05"]
[WhiteElo "2396"]
[BlackElo "2289"]
[Annotator "RC"]
[PlyCount "67"]
[EventDate "2023.12.27"]
[EventType "swiss"]
[EventCountry "SWE"]
[SourceTitle "playchess.com"]
[Source "ChessBase"]
[SourceQuality "1"]
[TimeControl "40/5400+30:1800+30"]

1. Nf3 d5 2. g3 Nf6 3. Bg2 e6 4. O-O Be7 5. c4 O-O 6. d4 dxc4 7. Qc2 a6 8. a4 Bd7 9. Qxc4 Bc6 10. Bf4 Bd6 11. Qc1 a5 12. Nc3 Na6 13. Bd2 Nb4 14. Qb1 Bxf3 15. Bxf3 c6 16. Ne4 Nxe4 17. Qxe4 Re8 18. Rfd1 Qb6 19. Bc3 Nd5 20. Qc2 Nxc3 21. bxc3 Qc7 22. Rab1 Rab8 23. e3 g6 24. Rb3 Qe7 25. Rdb1 Rec8 26. Rb6 Qc7 27. R6b2 Qe7 28. Rb6 Qc7 29. R6b2 Qe7 30. Bg2 e5 31. d5 cxd5 32. Bxd5 Bb4 33. Rb3 b6 34. Qd3 1/2-1/2

[Event "51st Rilton Cup 2023-24"]
[Site "Stockholm"]
[Date "2024.01.03"]
[Round "7.16"]
[White "Sidhant, Mohapatra"]
[Black "Borgaonkar Akshay"]
[Result "1-0"]
[ECO "B45"]
[WhiteElo "2408"]
[BlackElo "2206"]
[Annotator "RC"]
[PlyCount "109"]
[EventDate "2023.12.27"]
[EventType "swiss"]
[EventCountry "SWE"]
[SourceTitle "playchess.com"]
[Source "ChessBase"]
[SourceQuality "1"]
[TimeControl "40/5400+30:1800+30"]

1. e4 c5 2. Nf3 e6 3. d4 cxd4 4. Nxd4 Nf6 5. Nc3 Nc6 6. a3 d6 7. g3 Bd7 8. Bg2 Be7 9. O-O O-O 10. h3 a6 11. Re1 Rc8 12. Nxc6 Bxc6 13. Be3 Qc7 14. a4 Rfd8 15. a5 Qb8 16. Bb6 Rd7 17. Qe2 Bd8 18. Bd4 e5 19. Be3 d5 20. exd5 Nxd5 21. Nxd5 Bxd5 22. Red1 Bc4 23. Qe1 Bb5 24. Rxd7 Bxd7 25. Rd1 Bc6 26. Bxc6 bxc6 27. b4 Qb5 28. Rd7 Bf6 29. Qd2 Qc4 30. Qd3 Qxb4 31. Qxa6 Rb8 32. Ba7 Re8 33. Bb6 e4 34. Ra7 g6 35. Ra8 Rxa8 36. Qxa8+ Kg7 37. Qxc6 Bd4 38. Bxd4+ Qxd4 39. Qb6 Qd1+ 40. Kh2 Qe2 41. Qd4+ f6 42. c4 h5 43. h4 Qd3 44. Qc5 f5 45. a6 f4 46. Qc7+ Kg8 47. Qxf4 Qxc4 48. a7 Qa2 49. Qb8+ Kh7 50. Qb7+ Kh6 51. Kg2 e3 52. a8=Q Qxf2+ 53. Kh1 Qf1+ 54. Kh2 Qf2+ 55. Qg2 1-0

[Event "51st Rilton Cup 2023-24"]
[Site "Stockholm"]
[Date "2024.01.03"]
[Round "7.17"]
[White "Costa, Leonardo"]
[Black "Falkevall, Axel"]
[Result "0-1"]
[ECO "C79"]
[WhiteElo "2472"]
[BlackElo "2311"]
[Annotator "TA"]
[PlyCount "50"]
[EventDate "2023.12.27"]
[EventType "swiss"]
[EventCountry "SWE"]
[SourceTitle "playchess.com"]
[Source "ChessBase"]
[SourceQuality "1"]
[TimeControl "40/5400+30:1800+30"]

1. e4 e5 2. Nf3 Nc6 3. Bb5 a6 4. Ba4 Nf6 5. O-O d6 6. Re1 Bd7 7. c3 g6 8. d4 Bg7 9. h3 {[%emt 0:00:05] C79: Ruy Lopez: Steinitz-type lines with 3...a6 4 Ba4 Nf6 5 0-0 d6.} O-O 10. Bc2 Nh5 11. a4 {[%emt 0:03:14] White is slightly better.} Qe8 12. Na3 f5 13. Nc4 fxe4 {[%emt 0:04:04] [#]} 14. Rxe4 $146 ({Predecessor:} 14. Bxe4 Qf7 15. dxe5 Be6 16. Bxc6 bxc6 17. Na5 Bd5 18. Ra3 Bxf3 19. Qxf3 Qxf3 20. gxf3 Bxe5 21. Nxc6 {0-1 Shirov,A (2668)-Sambuev,B (2462) Casablanca Mohammed op 4th 2023 (3)}) 14... d5 (14... Bf5 $5 15. Bb3 d5 16. Rxe5 Nxe5 17. Ncxe5 Nf6 $11) 15. Rxe5 Qf7 {[%emt 0:00:26] [#]} 16. Rxh5 $1 gxh5 17. Ne3 {[%emt 0:00:31][%cal Oe3d5] And now Nxd5! would win.} ({Of course not} 17. Qd3 Bxd4 18. Nxd4 dxc4 19. Qg3+ Qg7 20. Qxc7 Nxd4 21. cxd4 Bc6 22. Qxg7+ Kxg7 $15) 17... Kh8 $1 18. Qd3 {[%csl Gc2][%cal Rd3h7][%mdl 1024] White has compensation.} Qg8 19. Nh4 ({But not} 19. Nxd5 $2 Bf5 20. Qd2 Qxd5 $19) (19. Ng5 $11) 19... Bf6 $1 $15 20. Nef5 Ne7 21. Be3 Rae8 {[%emt 0:04:31] Hoping for ...Nxf5.} 22. Kh1 $2 {[%emt 0:08:31][%mdl 8192] This move loses the game for White.} ({White should try} 22. Nh6 $15 Qg7 23. N6f5 Nxf5 24. Nxf5) 22... Nxf5 $19 23. Nxf5 Bg5 24. Nh6 {[%emt 0:09:14] [#]} (24. Bxg5 Bxf5 25. Qd2 Bxc2 26. Bf4) 24... Rxe3 $1 25. Qxe3 Qg7 {[%emt 0:00:45] Weighted Error Value: White=0.58/Black=0.12 (very precise)} 0-1

[Event "51st Rilton Cup 2023-24"]
[Site "Stockholm"]
[Date "2024.01.03"]
[Round "7.18"]
[White "Bronstein, Or"]
[Black "Ostlund, Joar"]
[Result "1-0"]
[ECO "D35"]
[WhiteElo "2428"]
[BlackElo "2326"]
[Annotator "RC"]
[PlyCount "137"]
[EventDate "2023.12.27"]
[EventType "swiss"]
[EventCountry "SWE"]
[SourceTitle "playchess.com"]
[Source "ChessBase"]
[SourceQuality "1"]
[TimeControl "40/5400+30:1800+30"]

1. d4 d5 2. c4 e6 3. Nc3 Nf6 4. cxd5 exd5 5. Bg5 c6 6. e3 Be7 7. Bd3 O-O 8. Nf3 h6 9. Bf4 Nh5 10. Be5 Nd7 11. h3 Nxe5 12. dxe5 g6 13. O-O Ng7 14. Qc2 Be6 15. Rad1 Rc8 16. Rfe1 Qc7 17. e4 d4 18. Ne2 c5 19. b3 g5 20. Ng3 g4 21. hxg4 Bxg4 22. Qd2 Bxf3 23. gxf3 Qxe5 24. f4 Qc7 25. Kg2 f5 26. Rh1 Rf6 27. Rdg1 fxe4 28. Nxe4 Rg6+ 29. Ng3 Rf6 30. Kf1 Qxf4 31. Qxf4 Rxf4 32. Rxh6 Kf7 33. Rh7 Rh4 34. Nh5 Bf8 35. Bg6+ Ke7 36. Nxg7 Rxh7 37. Bxh7 Kd6 38. Rg6+ Kd5 39. Nh5 c4 40. Bg8+ Kc5 41. Bxc4 Kb4 42. Nf4 Ka3 43. Ne6 Kxa2 44. Nxd4 Kb2 45. Ne6 Bb4 46. Rg7 Rb8 47. Nf4 b5 48. Be6 Bd6 49. Ne2 a5 50. Ra7 Re8 51. Bd5 Re5 52. Bg8 Re8 53. Rg7 Be5 54. Rg6 a4 55. bxa4 bxa4 56. Rb6+ Ka1 57. Bh7 Bb2 58. Rd6 Rh8 59. Be4 Ka2 60. Rd2 Rc8 61. Nf4 Kb3 62. Rd3+ Ka2 63. Nd5 Rc4 64. Bf5 a3 65. Ke2 Ka1 66. Ne3 Rc5 67. Rd1+ Bc1 68. Bd3 a2 69. Nc4 1-0

[Event "51st Rilton Cup 2023-24"]
[Site "Stockholm"]
[Date "2024.01.03"]
[Round "7.19"]
[White "Rakesh Kumar Jena"]
[Black "Wegener, Olaf"]
[Result "1-0"]
[ECO "D02"]
[WhiteElo "2335"]
[BlackElo "2413"]
[Annotator "RC"]
[PlyCount "45"]
[EventDate "2023.12.27"]
[EventType "swiss"]
[EventCountry "SWE"]
[SourceTitle "playchess.com"]
[Source "ChessBase"]
[SourceQuality "1"]
[TimeControl "40/5400+30:1800+30"]

1. d4 Nf6 2. Bf4 e6 3. e3 d5 4. Nd2 Bd6 5. Ngf3 Bxf4 6. exf4 O-O 7. Bd3 c5 8. dxc5 Qc7 9. g3 Qxc5 10. O-O b6 11. Qe2 a5 12. Nb3 Qc7 13. Nbd4 Ba6 14. Rac1 Bxd3 15. cxd3 Qb7 16. f5 exf5 17. Nxf5 Nbd7 18. Qe3 g6 19. Ne7+ Kg7 20. Nd4 Ng8 21. Ndf5+ Kh8 22. Qd4+ Ndf6 23. Nxg8 1-0

[Event "51st Rilton Cup 2023-24"]
[Site "Stockholm"]
[Date "2024.01.03"]
[Round "7.20"]
[White "Anand, Batsukh"]
[Black "Djurovic, Goran"]
[Result "1-0"]
[ECO "A46"]
[WhiteElo "2263"]
[BlackElo "2372"]
[Annotator "RC"]
[PlyCount "101"]
[EventDate "2023.12.27"]
[EventType "swiss"]
[EventCountry "SWE"]
[SourceTitle "playchess.com"]
[Source "ChessBase"]
[SourceQuality "1"]
[TimeControl "40/5400+30:1800+30"]

1. Nf3 Nf6 2. g3 d5 3. Bg2 e6 4. d4 b5 5. a4 b4 6. c4 bxc3 7. Nxc3 Nbd7 8. O-O Be7 9. Bf4 c6 10. Qc2 Ba6 11. Rab1 Qa5 12. Bd2 Bb4 13. Rfe1 O-O 14. Na2 Bxd2 15. Nxd2 c5 16. b4 cxb4 17. Nxb4 Rfc8 18. Nc6 Qc7 19. Rec1 Nb6 20. a5 Nc4 21. Ne5 Rab8 22. Ndxc4 Bxc4 23. Nxc4 Rxb1 24. Qxb1 dxc4 25. a6 Nd7 26. Bb7 Rd8 27. Qb4 Nb6 28. Qc5 Qd6 29. e3 g6 30. Rb1 Kg7 31. Kf1 f5 32. Ke2 Qxc5 33. dxc5 Na4 34. Rc1 Nxc5 35. Rxc4 Nd7 36. Rc7 Kf6 37. Bg2 Nb8 38. Rxa7 Rd6 39. Bb7 Rb6 40. Ra8 Nd7 41. Rd8 Rb2+ 42. Kf1 Ke7 43. Rxd7+ Kxd7 44. a7 Rxb7 45. a8=Q Rc7 46. Qf8 Kc6 47. h4 Rd7 48. Kg2 Kd5 49. Kf3 Ke5 50. Qh8+ Kd6 51. Kf4 1-0

[Event "51st Rilton Cup 2023-24"]
[Site "Stockholm"]
[Date "2024.01.03"]
[Round "7.21"]
[White "Kavutskiy, Konstantin"]
[Black "Subelj, Jan"]
[Result "0-1"]
[ECO "D45"]
[WhiteElo "2384"]
[BlackElo "2512"]
[Annotator "TA"]
[PlyCount "56"]
[EventDate "2023.12.27"]
[EventType "swiss"]
[EventCountry "SWE"]
[SourceTitle "playchess.com"]
[Source "ChessBase"]
[SourceQuality "1"]
[TimeControl "40/5400+30:1800+30"]

1. d4 Nf6 2. c4 e6 3. Nf3 d5 4. Nc3 c6 5. e3 Nbd7 6. Qc2 Bd6 7. Bd2 O-O 8. O-O-O {[%emt 0:00:22] [#]} b5 $1 {[%emt 0:09:14] 8...a6 is the modern continuation.} 9. e4 {[%emt 0:01:39] D45: Semi-Slav: 5 e3.} (9. cxb5 Bb7) 9... Nxe4 (9... bxc4 10. e5 $16) 10. Nxe4 dxe4 11. Qxe4 {[%emt 0:01:54] Black is slightly better.} bxc4 12. Bxc4 Nf6 13. Qh4 {[%emt 0:02:17] [#]} (13. Qxc6 Rb8 14. Kb1 Bb7 $17) 13... Nd5 $146 ({Predecessor:} 13... a5 14. Bg5 Ba6 15. Bxf6 Qxf6 16. Qxf6 gxf6 17. Bxa6 Rxa6 18. Rd3 Rb8 19. Kc2 a4 {1-0 Rustemov,A (2525)-Kobalia,M (2596) Chess.com Rapid Wk14 Swiss 2022 (2)}) 14. Qe4 (14. Ng5 h6 15. Nf3 Qxh4 16. Nxh4 Bb7 17. Bxd5 cxd5 $17) (14. Qxd8 $1 $11 {keeps the balance.} Rxd8 15. Bg5) 14... a5 (14... Qb6 {is more complex.} 15. Ng5 Nf6 16. Qc2 h6) 15. Bd3 f5 16. Qe2 Qb6 17. Bc4 Rb8 18. b3 {[%emt 0:00:20] [#]} a4 $1 {[%emt 0:01:09][%cal Ra4b3][%mdl 512] White must now prevent ...axb3.} 19. Kb2 (19. Kc2 c5) 19... h6 {[%emt 0:07:17] Black is more active.} (19... axb3 20. axb3 c5 21. dxc5 Bxc5 22. Ra1 $17) (19... Kh8 $142 20. Rhe1 c5) 20. Rhg1 (20. Ka1 $17 {was called for.}) 20... c5 $36 {[%emt 0:01:04][%cal Bc6c5,Bc5d4][%mdl 2080] White is under strong pressure.} ({Inferior is} 20... axb3 21. axb3 c5 22. Be3 $17) 21. g4 (21. Qd3 $142) 21... axb3 22. axb3 cxd4 {[%emt 0:02:51] And now ...fxg4 would win.} 23. gxf5 Rxf5 24. Nh4 $2 (24. Bxh6 Ba3+ 25. Kc2) 24... Rf7 $19 25. Bxh6 Qa5 ({Not} 25... Bxh2 26. Rxg7+ Rxg7 27. Bxg7 Kxg7 28. Qg4+ Kf8 29. Ng6+ Kf7 30. Nh8+ Kf8 31. Ng6+ Kf7 32. Nh8+ Kf8 33. Ng6+ $11) 26. Rd3 Ra8 (26... Bxh2 27. Rxg7+ Rxg7 28. Bxd5 Qxd5 29. Bxg7 Kxg7 30. Qg4+ Kf7 31. f4 $15) (26... Nc3 $142 27. Rxd4 Nxe2 28. Rd3 Be5+ 29. Kc2 Nxg1 30. Nf5 Rxf5 31. Be3 Qa2+ 32. Kd1 Ba6 33. Bxe6+ Kh8 34. Bxf5 Qe2+ 35. Kc1 Rc8+ 36. Rc3 Qe1+ {[%mdl 64] Pin, Double Attack} 37. Kc2 Qxc3+ 38. Kd1 Be2#) 27. b4 Bxb4 {[%emt 0:00:18] ( -> ...Bc3+)} 28. Rb1 Nc3 {[%emt 0:01:59] White did not feel at home in the position after the opening. Ingenious play by Subelj!   Weighted Error Value: White=1.39/Black=0.36} 0-1

[Event "51st Rilton Cup 2023-24"]
[Site "Stockholm"]
[Date "2024.01.03"]
[Round "7.22"]
[White "Eggleston, David J"]
[Black "Sai Agni Jeevitesh, J."]
[Result "0-1"]
[ECO "C73"]
[WhiteElo "2353"]
[BlackElo "2302"]
[Annotator "RC"]
[PlyCount "63"]
[EventDate "2023.12.27"]
[EventType "swiss"]
[EventCountry "SWE"]
[SourceTitle "playchess.com"]
[Source "ChessBase"]
[SourceQuality "1"]
[TimeControl "40/5400+30:1800+30"]

1. e4 e5 2. Nf3 Nc6 3. Bb5 a6 4. Ba4 Nf6 5. O-O d6 6. Bxc6+ bxc6 7. d4 exd4 8. Qxd4 Be7 9. Nc3 O-O 10. Bg5 Nd7 11. Bxe7 Qxe7 12. Rfe1 Re8 13. Re3 Ne5 14. b3 c5 15. Qd2 Bb7 16. Rae1 Nxf3+ 17. Rxf3 a5 18. Rfe3 Qg5 19. f3 Bc6 20. Qf2 a4 21. f4 Qd8 22. e5 d5 23. f5 d4 24. Rd3 f6 25. e6 axb3 26. axb3 Qe7 27. Ne2 Ra2 28. Nf4 Rea8 29. Rh3 Ra1 30. Rxh7 Be8 31. Qh4 Rxe1+ 32. Kf2 0-1

[Event "51st Rilton Cup 2023-24"]
[Site "Stockholm"]
[Date "2024.01.03"]
[Round "7.23"]
[White "Starosta, Martyna"]
[Black "Brilej, Jaka"]
[Result "1-0"]
[ECO "C16"]
[WhiteElo "2067"]
[BlackElo "2348"]
[Annotator "RC"]
[PlyCount "125"]
[EventDate "2023.12.27"]
[EventType "swiss"]
[EventCountry "SWE"]
[SourceTitle "playchess.com"]
[Source "ChessBase"]
[SourceQuality "1"]
[TimeControl "40/5400+30:1800+30"]

1. e4 e6 2. d4 d5 3. Nc3 Bb4 4. e5 b6 5. h4 Ba6 6. Qg4 Bf8 7. Nge2 Ne7 8. Nf4 Bxf1 9. Kxf1 Nbc6 10. Nh5 Nf5 11. Bg5 Qc8 12. Rd1 h6 13. Be3 Qa6+ 14. Qe2 Qb7 15. g4 Nxe3+ 16. Qxe3 O-O-O 17. f4 Na5 18. b3 c5 19. Ne2 Nc6 20. c3 g6 21. Nf6 cxd4 22. cxd4 Be7 23. Ng1 h5 24. g5 Qa6+ 25. Qe2 Qa3 26. Rh2 Kb7 27. Nf3 Rc8 28. Qb2 Qxb2 29. Rxb2 Nb4 30. Ne1 Rc3 31. a3 Na6 32. Ra1 Rhc8 33. Kg2 Nc7 34. a4 Na6 35. Rd1 Nb4 36. Rdd2 a5 37. Rb1 Re3 38. Kf2 Rh3 39. Kg2 Rhc3 40. Kf2 Ka6 41. Kg2 Ka7 42. Kf2 Kb8 43. Rdd1 Nc2 44. Ng2 Kc7 45. f5 Bxf6 46. gxf6 gxf5 47. Nf4 Kd7 48. Nxh5 Rh8 49. Rg1 Rxh5 50. Rg7 Nxd4 51. Rxf7+ Kc6 52. Rg7 f4 53. b4 axb4 54. f7 Rc2+ 55. Kf1 Rf5 56. Rxb4 Nf3 57. a5 Nh2+ 58. Ke1 f3 59. Rxb6+ Kc5 60. f8=Q+ Rxf8 61. Rc7+ Kd4 62. Rxc2 Ng4 63. Rb4+ 1-0

[Event "51st Rilton Cup 2023-24"]
[Site "Stockholm"]
[Date "2024.01.03"]
[Round "7.24"]
[White "Srihari L"]
[Black "Nyysti, Sampsa"]
[Result "1-0"]
[ECO "C50"]
[WhiteElo "2272"]
[BlackElo "2339"]
[Annotator "RC"]
[PlyCount "107"]
[EventDate "2023.12.27"]
[EventType "swiss"]
[EventCountry "SWE"]
[SourceTitle "playchess.com"]
[Source "ChessBase"]
[SourceQuality "1"]
[TimeControl "40/5400+30:1800+30"]

1. e4 e5 2. Nf3 Nc6 3. Bc4 d6 4. d3 Be6 5. Bxe6 fxe6 6. d4 exd4 7. Nxd4 Nxd4 8. Qxd4 Nf6 9. Nc3 Be7 10. e5 dxe5 11. Qxe5 Qd7 12. O-O Bd6 13. Qe2 O-O 14. Bg5 Nd5 15. Ne4 Rae8 16. c4 Nf4 17. Qg4 Ng6 18. b3 Qc6 19. Rfe1 Bb4 20. Re2 e5 21. g3 Qe6 22. Qxe6+ Rxe6 23. Rd1 Ree8 24. a3 Be7 25. Rd7 Bxg5 26. Nxg5 h6 27. Ne4 Rf7 28. Red2 Nf8 29. Rd8 Rfe7 30. Nc5 b6 31. Na6 Kf7 32. Rxe8 Kxe8 33. Nb4 Rd7 34. Re2 Rd1+ 35. Kg2 Nd7 36. Nc6 Rd3 37. f4 Rxb3 38. fxe5 Rd3 39. Nxa7 Rxa3 40. Nb5 Ra4 41. Nxc7+ Kd8 42. Ne6+ Ke7 43. Nxg7 Nxe5 44. Rxe5+ Kf6 45. Re4 Ra2+ 46. Kf3 Kxg7 47. h4 Rb2 48. Kg4 Rb3 49. Re7+ Kg8 50. Rb7 h5+ 51. Kxh5 Rxg3 52. Rxb6 Kh7 53. Rb7+ Kh8 54. c5 1-0

[Event "51st Rilton Cup 2023-24"]
[Site "Stockholm"]
[Date "2024.01.03"]
[Round "7.25"]
[White "Dotzer, Lukas"]
[Black "Duson, Robin"]
[Result "1-0"]
[ECO "B48"]
[WhiteElo "2338"]
[BlackElo "2175"]
[Annotator "RC"]
[PlyCount "47"]
[EventDate "2023.12.27"]
[EventType "swiss"]
[EventCountry "SWE"]
[SourceTitle "playchess.com"]
[Source "ChessBase"]
[SourceQuality "1"]
[TimeControl "40/5400+30:1800+30"]

1. e4 c5 2. Nf3 e6 3. d4 cxd4 4. Nxd4 Nc6 5. Nc3 Qc7 6. Be3 a6 7. Qd2 Nf6 8. O-O-O b5 9. Bf4 Qa5 10. Nb3 Qb6 11. f3 e5 12. Be3 Qb8 13. Nd5 Nxd5 14. exd5 Nd8 15. d6 Nb7 16. Bc5 g6 17. Qg5 Nxc5 18. Qxe5+ Ne6 19. Qxh8 a5 20. Nd4 b4 21. Bb5 Ba6 22. Nxe6 fxe6 23. Bc6 Bb7 24. Ba4 1-0

[Event "51st Rilton Cup 2023-24"]
[Site "Stockholm"]
[Date "2024.01.03"]
[Round "7.26"]
[White "Lim, Zhuo Ren"]
[Black "Gombocz, Ferenc Jr."]
[Result "1/2-1/2"]
[ECO "D15"]
[WhiteElo "2218"]
[BlackElo "2366"]
[Annotator "RC"]
[PlyCount "84"]
[EventDate "2023.12.27"]
[EventType "swiss"]
[EventCountry "SWE"]
[SourceTitle "playchess.com"]
[Source "ChessBase"]
[SourceQuality "1"]
[TimeControl "40/5400+30:1800+30"]

1. d4 d5 2. c4 c6 3. Nf3 Nf6 4. Nc3 a6 5. g3 b5 6. cxd5 cxd5 7. Bg2 e6 8. O-O Bb7 9. Bg5 Nbd7 10. a4 b4 11. Na2 a5 12. Nc1 Bd6 13. Nd3 h6 14. Bxf6 Qxf6 15. Qd2 O-O 16. Rac1 Rfc8 17. Rxc8+ Rxc8 18. Rc1 Qd8 19. e3 Ba6 20. Bf1 Nb6 21. b3 Rxc1 22. Qxc1 Qc8 23. Qxc8+ Nxc8 24. Nde5 Bxf1 25. Kxf1 Na7 26. h4 f6 27. Ng6 Kf7 28. h5 Nc6 29. Ke2 e5 30. g4 exd4 31. Nxd4 Nxd4+ 32. exd4 f5 33. f3 Bg3 34. gxf5 Kf6 35. f4 Bh2 36. Kf3 Bg1 37. Ne5 Bxd4 38. Nc6 Bb6 39. Kg4 Bc7 40. Nd4 Bb6 41. Nc6 Bc7 42. Nd4 Bb6 1/2-1/2

[Event "51st Rilton Cup 2023-24"]
[Site "Stockholm"]
[Date "2024.01.04"]
[Round "8.1"]
[White "Trost, Edvin"]
[Black "Sivuk, Vitaly"]
[Result "0-1"]
[ECO "C85"]
[WhiteElo "2434"]
[BlackElo "2490"]
[Annotator "TA"]
[PlyCount "82"]
[EventDate "2023.12.27"]
[EventType "swiss"]
[EventCountry "SWE"]
[SourceTitle "playchess.com"]
[Source "ChessBase"]
[SourceQuality "1"]
[TimeControl "40/5400+30:1800+30"]

1. e4 e5 2. Nf3 Nc6 3. Bb5 a6 4. Ba4 Nf6 5. O-O Be7 6. Bxc6 dxc6 7. Re1 Nd7 8. b3 {[%emt 0:00:08] C85: Closed Ruy Lopez: Deferred Exchange Variation.} c5 9. Bb2 f6 {[%emt 0:06:02] [#]} 10. Nh4 $146 {[%emt 0:00:12] Threatening Qh5+. The position is equal.} ({Predecessor:} 10. c3 Nb6 11. d3 Bg4 12. Na3 a5 13. Nc2 a4 14. Ne3 Bh5 15. Nf5 O-O 16. Ba3 {½-½ Voiculescu,C (2532)-Marek,S (2442) EU-chT8 fin email 2012 [7]}) 10... g6 {[%emt 0:05:01][%cal Bg7g6,Bg6g5][%mdl 32] [#] Repels Qh5} 11. f4 exf4 $17 12. Nc3 Ne5 13. Nd5 {[%emt 0:40:10] [#]} Bg4 $1 14. Qc1 g5 15. Bxe5 (15. h3 {might work better.}) 15... fxe5 $19 (15... gxh4 16. Bxc7 (16. Nxc7+ Kf7 $18) 16... Qd7 17. Bxf4 $18) 16. Qb2 Bd6 17. Nf5 Rf8 18. b4 cxb4 19. Kh1 (19. Nxb4 $142 Bxf5 20. exf5) 19... Qd7 (19... Bxf5 20. exf5 c6 21. Nxb4 (21. Rxe5+ $2 Kd7 $19)) 20. d4 (20. Nxd6+ $142 Qxd6 21. Qxb4) 20... O-O-O 21. c4 Bxf5 22. exf5 exd4 ({And not} 22... Qxf5 23. dxe5 Bc5 24. e6 $19) 23. Qxd4 {[%emt 0:00:43] Threatens to win with Qa7.} Kb8 {[%emt 0:00:06] Prevents Qa7+} (23... Qxf5 $2 {too greedy.} 24. Rad1 c6 25. c5 Qxd5 26. cxd6 Qxd4 27. Rxd4 $19) ({Worse is} 23... Rxf5 24. Qa7 Qc6 25. Re7 $17) 24. f6 c6 25. Nb6 Qf5 {[%emt 0:03:03] ...Bc5 would be deadly.} 26. Rad1 f3 {[%emt 0:01:22] ...Bc5 is the strong threat.} 27. c5 Bc7 (27... Bxc5 $142 28. Qxd8+ Rxd8 29. Rxd8+ Kc7) 28. Qf2 g4 {[%emt 0:00:38] Strongly threatening ...Rxd1.} 29. Rxd8+ Rxd8 30. gxf3 Qxf6 31. Re3 Ka7 (31... Qf4 $142 32. Kg1 gxf3 33. Qxf3 Qg5+ 34. Kh1 Qxc5 35. Nd7+ Rxd7 36. Re8+ Ka7) 32. Nc4 Rd1+ 33. Kg2 Qg5 (33... gxf3+ $142 34. Rxf3 Qg6+ 35. Rg3 Bxg3 36. Qxg3 Qc2+ 37. Kf3 Qxc4 38. Qe5 Rd3+ 39. Kf2 Qxa2+ 40. Qe2 b3 41. Ke1 Rc3 42. Qh5 b2 43. Qf5 b1=Q+ 44. Qxb1 Qxb1+ 45. Kf2 Qb2+ 46. Kg1 Rc1#) 34. Re4 gxf3+ 35. Kxf3 Qf5+ (35... Qh5+ $142 36. Ke3 Qh3+ 37. Qf3 Re1+ {[%mdl 64] Deflection} 38. Kd2 Qxf3 39. Rxe1 Qd5+ 40. Ke2 Qxc4+ 41. Kf3 Qd5+ 42. Ke2 Qc4+ 43. Kf3 Qd5+ 44. Ke2 Qxa2+ 45. Kf3 Qd5+ 46. Ke2 Qxc5 47. Kd3 b3 48. h3 Bb6 49. Ke4 Qb4+ 50. Ke5 Qxe1+ 51. Kf6 b2 52. h4 b1=Q 53. h5 Bd4+ 54. Kg5 Qg3+ 55. Kh6 Qg7#) 36. Ke3 Qxc5+ (36... Qh3+ $142 37. Qf3 Re1+ {[%mdl 64] Deflection} 38. Kd2 Qxf3 39. Rxe1 Qd5+ 40. Ke3 Qxc5+ 41. Kd3 Qd5+ {[%mdl 64] Deflection} 42. Ke3 Qxc4 43. Rd1 Bb6+ 44. Kf3 Qxa2 45. Kf4 Qxh2+ 46. Kg5 Qg3+ 47. Kf6 Qf3+ 48. Ke7 Qxd1 49. Ke6 Qd5+ 50. Kf6 Bc5 51. Kg7 Bd4+ 52. Kf8 Qd7 53. Kg8 Qg7#) 37. Ke2 {[%emt 0:00:20] Black is clearly winning.} Qxf2+ 38. Kxf2 b5 39. Ne3 Rd2+ 40. Kf3 Rxh2 41. Rxb4 Rxa2 {[%emt 0:30:11] Black took control after the opening.   Weighted Error Value: White=0.86/Black=0.23 (precise)} 0-1